AoeStats
← remiglf

Acropolis

503455765Analyzed
1v1 RM · 1mo ago on Aug 31, 2026· 51m 12s· 2 players
Game mode
Random Map
Map size
Tiny (2 player)
Population
200
Speed
Normal
Resources
Standard
Victory
Conquest
Starting age
Dark Age
Ending age
Imperial Age
RankedLock teamsTeams togetherTeam positionsShared explorationLock speedFull tech treeHidden civsTurbo modeCheats
Victory
Defeat
🇫🇷 Vietnamese · France
758
+18
🇫🇷 Franks · France
791
-33
Sub-Zero
10:53 Feudal Age
11:20 Double-Bit Axe
18:07 Fletching
26:11 Castle Age
25:53 Scale Mail Armor
26:20 Pikeman
27:01 Squires
27:12 Bow Saw
27:36 Crossbowman
28:38 Thumb Ring
30:03 Loom
33:00 Chain Mail Armor
35:43 Bodkin Arrow
35:49 Padded Archer Armor
39:31 Leather Archer Armor
41:00 Ballistics
43:55 Imperial Age
41:35 Husbandry
41:45 Bloodlines
42:58 Forging
42:30 Horse Collar
43:05 Stone Mining
43:05 Gold Mining
44:12 Stone Shaft Mining
45:38 Two-Man Saw
44:00 Arbalester
45:49 Bracer
46:57 Chemistry
51:10 Halberdier
remiglf
9:54 Feudal Age
10:30 Loom
19:29 Castle Age
17:39 Double-Bit Axe
17:53 Gold Mining
20:32 Husbandry
21:45 Scale Barding Armor
24:42 Forging
30:32 Chain Barding Armor
30:48 Iron Casting
31:02 Town Watch
43:10 Imperial Age
41:00 Town Patrol
42:56 Gold Shaft Mining
42:15 Stone Mining
43:20 Cavalier
45:15 #83
44:52 Paladin
50:16 Plate Barding Armor
50:42 Blast Furnace
Connection lost

Rejoining the realm…

Still unreachable

The connection could not be restored.

Session expired

The server has moved on; the page needs a fresh start.